 Dungeon Crawl Stone Soup version 0.32-a0-933-ga8fa3634e4 (webtiles) character file.

Game seed: 13128388406280486952

7968 freelancePsychic the Party-goer (level 11, 0/87 (89) HPs)
             Began as a Demonspawn Wanderer on Apr 14, 2024.
             Was a Priest of Uskayaw.
             Slain by a white ugly thing (8 damage)
             ... while petrified by a catoblepas
             ... on level 9 of the Dungeon.
             The game lasted 00:18:41 (8865 turns).

freelancePsychic the Party-goer (DsWn)              Turns: 8865, Time: 00:18:42

HP:   0/87 (89)     AC: 12    Str: 11    XL:     11   Next: 3%
MP:   18/18         EV:  2    Int: 11    God:    Uskayaw [***...]
Gold: 473           SH:  0    Dex: 27    Spells: 13/14 levels left

rFire   . . .        a - +2 short sword (speed)
rCold   . . .        g - orb of the Rose {*Rage, rN++ Str-2 Dex+3 Stlth+}
rNeg    + + +        n - +0 ring mail
rPois   ∞            t - +0 helmet
rElec   .            x - +0 cloak
rCorr   .            (no gloves)
SInv    .            d - +0 pair of boots
Will    .....        q - amulet of the acrobat
Stlth   +++++++      A - +5 ring of evasion
HPRegen 0.34/turn    (no ring)
MPRegen 0.16/turn

%: random rage (20%), acrobat
@: about to teleport, petrified, lightly drained
A: claws 1, thin skeletal structure 3, icemail 1, spiny 1, condensation shield
a: Renounce Religion, Stomp, Line Pass


You were on level 9 of the Dungeon.
You worshipped Uskayaw.
Uskayaw was aware of your devotion.
You visited 2 branches of the dungeon, and saw 10 of its levels.

You collected 473 gold pieces.

Inventory:

Hand Weapons
 a - a +2 short sword of speed (weapon)
 r - a +2 short sword of distortion
Missiles
 b - an atropa-tipped dart
 c - 6 datura-tipped darts
 h - 7 curare-tipped darts
 i - 6 poisoned darts (quivered)
 p - 5 boomerangs
Armour
 d - a +0 pair of boots (worn)
 g - the orb of the Rose (worn) {*Rage, rN++ Str-2 Dex+3 Stlth+}
   (You acquired it on level 2 of the Dungeon)

   Str-2:     It affects your strength (-2).
   Dex+3:     It affects your dexterity (+3).
   rN++:      It greatly protects you from negative energy.
   Stlth+:    It makes you more stealthy.
 n - a +0 ring mail (worn)
 t - a +0 helmet (worn)
 x - a +0 cloak (worn)
Jewellery
 q - an amulet of the acrobat (around neck)
 A - a +5 ring of evasion (left claw)
 G - a ring of see invisible
Wands
 w - a wand of polymorph (17)
 B - a wand of iceblast (6)
 E - a wand of paralysis (5)
Scrolls
 e - a scroll of fear
 l - 2 scrolls of summoning
 m - a scroll of torment
 y - 3 scrolls of teleportation {@r4}
 D - a scroll of amnesia {unknown}
 F - a scroll of immolation {unknown}
Potions
 f - a potion of cancellation
 j - 8 potions of curing {@q1}
 k - a potion of heal wounds {@q2}
 o - 2 potions of lignification {unknown}
 s - 2 potions of enlightenment
 u - a potion of haste {unknown}
 v - 3 potions of ambrosia
 z - 2 potions of invisibility
 C - a potion of resistance {unknown}


   Skills:
 + Level 9.4 Fighting
 - Level 7.1 Short Blades
 - Level 2.7 Throwing
 - Level 1.0 Armour
 + Level 6.5 Dodging
 - Level 5.0 Stealth
 - Level 2.1 Unarmed Combat
 - Level 2.0 Spellcasting
 - Level 2.0 Summonings
 - Level 10.0 Invocations


You had 13 spell levels left.
You knew the following spells:

 Your Spells              Type           Power      Damage    Failure   Level
a - Summon Small Mammal   Summ           20%        N/A       30%         1

Your spell library contained the following spells:

 Spells                   Type           Power      Damage    Failure   Level
 Sandblast                Erth           2%         2d4       56%         1
 Call Canine Familiar     Summ           5%         N/A       65%         3
 Static Discharge         Conj/Air       2%         3-4/arc   71%         2
 Sublimation of Blood     Necr           1%         N/A       71%         2
 Dazzling Flash           Conj/Hex       2%         N/A       90%         3
 Mephitic Cloud           Conj/Alch/Air  1%         N/A       90%         3
 Stone Arrow              Conj/Erth      2%         3d7       90%         3
 Animate Armour           Summ/Erth      6%         N/A       99%         4
 Summon Lightning Spire   Summ/Air       3%         N/A       99%         4
 Airstrike                Air            0%         2d(1-17)  100%        4
 Brom's Barrelling Bould  Conj/Erth      1%         2d3       100%        4
 Petrify                  Alch/Erth      1%         N/A       100%        4
 Curse of Agony           Necr           1%         N/A       100%        5
 Irradiate                Conj/Alch      0%         3d11      100%        5
 Lee's Rapid Deconstruct  Erth           0%         3d4*      100%        5
 Silence                  Hex/Air        0%         N/A       100%        5
 Conjure Ball Lightning   Conj/Air       0%         3x3d6     100%        6
 Discord                  Hex            0%         N/A       100%        8
 Disjunction              Tloc           0%         N/A       100%        8


Dungeon Overview and Level Annotations

Branches:
Dungeon (9/15)             Temple (1/1) D:4            Lair (0/5) D:9
    Orc: D:9-12

Altars:
Ashenzari
Cheibriados
Dithmenos
Fedhas
Gozag
Kikubaaqudgha
Makhleb
Nemelex Xobeh
Okawaru
Qazlal
Ru
Sif Muna
Trog
Uskayaw
Vehumet
Wu Jian
Xom
Yredelemnul

Shops:
D:2 *

Annotations:
D:3 3 runed translucent doors, SageDae's ghost, amateur MDFi
D:6 3 runed translucent doors, Biggs's ghost, novice DjCj; Griffin23's ghost, novice MiBe; ShinQuickMan's ghost, novice HuCj; rbyellow5's ghost, novice OpFi
D:8 Gastronok


Innate Abilities, Weirdness & Mutations

You have sharp fingernails.
You have an unnaturally thin skeletal structure. (Dex +6, Stealth+++)
A meltable icy envelope protects you from harm. (AC +4)
You are partially covered in sharp spines.
A meltable shield of frost defends you. (SH +4)


Message History

The wight is engulfed in calcifying dust.
The wight stops moving altogether!
The catoblepas gores you!!
* * * LOW HITPOINT WARNING * * *
The tengu warrior hits you with a +0 long sword.
* * * LOW HITPOINT WARNING * * *
The tengu warrior pecks you.
The tengu warrior claws you but does no damage.
The centaur warrior is struck by your spines.
The centaur warrior hits you but does no damage.
The centaur warrior kicks you but does no damage.
You are engulfed in calcifying dust.
The centaur warrior is struck by your spines.
The centaur warrior completely misses you.
The centaur warrior kicks you but does no damage.
The wight is struck by your spines.
The wight hits you with a +0 long sword.
* * * LOW HITPOINT WARNING * * *
The wight is engulfed in calcifying dust.
The deep elf pyromancer gestures wildly while chanting.
The deep elf pyromancer blinks!
The catoblepas is struck by your spines.
The catoblepas gores you.
* * * LOW HITPOINT WARNING * * *
The tengu warrior hits you but does no damage.
The tengu warrior pecks you but does no damage.
The tengu warrior claws you.
* * * LOW HITPOINT WARNING * * *
Uskayaw will force your foes to helplessly watch your dance.
Uskayaw prepares the audience for your solo!
The white ugly thing is no longer paralysed.
The tengu warrior is no longer paralysed.
The catoblepas is no longer paralysed.
The tengu warrior hits you with a +0 long sword.
* * * LOW HITPOINT WARNING * * *
The tengu warrior pecks you but does no damage.
The tengu warrior claws you. The white ugly thing punches you!
* * * LOW HITPOINT WARNING * * *
The white ugly thing freezes you!
You die...
Your body falls in perfect tune with the rhythm. #.########...# . .........#..# #............. #........>...# ####....####### . ##########..# #...## ..##### #..# #..## #### ##......#####..# #.## ##$:!# .##......)...).# #.# #..(..##.#.###..#####.# #.# $..°°Eu#z# #.......... #.### #EyY@z#

##.#####... #.#.#(..$eec#Q# #.#
... #####.#.##..).z##.#
#.#####...
<.....##.##$|$##.########........
#####..##.#####.###.....##..####.
# ##...##.....###. #.#..##..#
####..###.....###..##.##..##.#
.....##(#.#(####..#.....#..#.#
.#..##..#.#..##..##.....##.#.#


You could see a catoblepas, a white ugly thing, a tengu warrior, a centaur
warrior (paralysed), 2 deep elf pyromancers, 2 fire elementals, a meliai
(paralysed) and 3 wights.

Vanquished Creatures
  A two-headed ogre (D:9)
  Grinder (D:3)
  A hornet (D:9)
  Prince Ribbit (D:5)
  2 wyverns
  10 yaks
  A vampire (D:9)
  A steam dragon (D:9)
  Menkaure (D:5)
  Edmund (D:5)
  A water moccasin (D:9)
  4 ice beasts
  3 orc warriors
  A black bear (D:4)
  A sky beast (D:6)
  A centaur (D:9)
  3 ogres
  2 wolves (D:9)
  A phantom (D:6)
  2 kobold brigands
  6 gnoll sergeants (D:8)
  A bullfrog (D:9)
  2 scorpions
  7 wights
  10 killer bees
  5 howler monkeys
  5 bombardier beetles
  2 hounds
  Crazy Yiuf (D:4)
  6 orc priests
  3 jellies
  2 gnoll boudas (D:8)
  2 sleepcaps
  5 iguanas
  7 orc wizards
  23 gnolls
  4 adders
  A river rat (D:8)
  2 shadow imps (D:7)
  A white imp (D:5)
  6 ufetubi
  A ribbon worm (D:3)
  40 orcs
  5 ball pythons
  A bat (D:2)
  5 endoplasms
  4 giant cockroaches
  6 goblins
  9 hobgoblins
  A quokka (D:1)
  6 frilled lizards
  32 kobolds
  2 rats
252 creatures vanquished.

Vanquished Creatures (collateral kills)
  A bullfrog (D:4)
  A kobold (D:4)
2 creatures vanquished.

Grand Total: 254 creatures vanquished

Notes
Turn   | Place    | Note
-------+----------+-------------------------------------------
     0 | D:1      | freelancePsychic the Demonspawn Wanderer began the quest
                  | for the Orb.
     0 | D:1      | freelancePsychic set off with the following items: a +0
                  | dagger, an atropa-tipped dart, a datura-tipped dart, a +0
                  | pair of boots, a scroll of fear, a +0 robe; and the
                  | following spell memorised: Summon Small Mammal; and the
                  | following spells available to memorise: Call Canine
                  | Familiar.
     0 | D:1      | Reached XP level 1. HP: 15/15 MP: 3/3
   250 | D:1      | Reached skill level 1 in Short Blades
   303 | D:1      | Gained mutation: You have a somewhat thin skeletal
                  | structure. (Dex +2, Stealth+) [demonic ancestry]
   303 | D:1      | Reached XP level 2. HP: 21/21 MP: 5/5
   965 | D:2      | Identified a scroll of acquirement
   965 | D:2      | Acquired the orb of the Rose {*Rage, rN++ Str-2 Dex+3
                  | Stlth+}
  1000 | D:2      | Identified the +2 whip "Ycum" {venom, *Noise rElec Str+3}
  1055 | D:2      | Gained mutation: You have a moderately thin skeletal
                  | structure. (Dex +4, Stealth++) [demonic ancestry]
  1055 | D:2      | Reached XP level 3. HP: 26/26 MP: 6/6
  1313 | D:2      | Found Ugicahut's Assorted Antiques.
  1585 | D:3      | Noticed Grinder
  1761 | D:4      | Found a runed translucent door.
  1762 | D:4      | Noticed Crazy Yiuf
  1821 | D:4      | Noticed a scorpion
  1827 | D:4      | Killed a scorpion
  1828 | D:4      | Reached XP level 4. HP: 32/32 MP: 7/7
  1846 | D:4      | Noticed a bullfrog
  2001 | D:4      | Killed a bullfrog
  2002 | D:4      | Gained mutation: You have sharp fingernails. [demonic
                  | ancestry]
  2002 | D:4      | Reached XP level 5. HP: 24/37 MP: 8/8
  2064 | D:4      | Identified the +0 leather armour of Yredelemnul, Gazing
                  | {^Contam rF+ Int+2 Stlth+}
  2233 | D:3      | Found a faded altar of an unknown god.
  2462 | D:3      | Reached skill level 1 in Unarmed Combat
  2467 | D:3      | Found a runed translucent gate.
  2467 | D:3      | Found a runed translucent gate.
  2467 | D:3      | Found a runed translucent gate.
  2481 | D:3      | Noticed SageDae's ghost (amateur MDFi)
  2487 | D:3      | Reached skill level 1 in Throwing
  2619 | D:3      | Found an opulent altar of Gozag.
  2666 | D:3      | Killed Grinder
  2667 | D:3      | Gained mutation: A meltable shield of frost defends you.
                  | (SH +4) [demonic ancestry]
  2667 | D:3      | Reached XP level 6. HP: 33/46 MP: 9/9
  3033 | D:4      | Found a staircase to the Ecumenical Temple.
  3072 | Temple   | Entered the Ecumenical Temple
  3089 | Temple   | Became a worshipper of Uskayaw the Reveller
  3297 | D:4      | Reached * piety under Uskayaw
  3313 | D:4      | Reached ** piety under Uskayaw
  3319 | D:4      | Reached *** piety under Uskayaw
  3321 | D:4      | Gained mutation: You are partially covered in sharp spines.
                  | [demonic ancestry]
  3321 | D:4      | Reached XP level 7. HP: 51/51 MP: 10/10
  3321 | D:4      | Reached **** piety under Uskayaw
  3461 | D:4      | Reached skill level 5 in Short Blades
  4258 | D:4      | Killed Crazy Yiuf
  4294 | D:5      | Entered Level 5 of the Dungeon
  4332 | D:5      | Gained mutation: A meltable icy envelope protects you from
                  | harm. (AC +4) [demonic ancestry]
  4332 | D:5      | Reached XP level 8. HP: 60/60 MP: 11/11
  4917 | D:5      | Noticed Menkaure
  4920 | D:5      | Killed Menkaure
  4979 | D:5      | Noticed Prince Ribbit
  4988 | D:5      | Killed Prince Ribbit
  5115 | D:6      | Noticed Edmund
  5128 | D:5      | Reached skill level 5 in Fighting
  5128 | D:5      | Reached skill level 5 in Stealth
  5128 | D:5      | Reached skill level 1 in Invocations
  5166 | D:5      | Killed Edmund
  5167 | D:5      | Reached skill level 2 in Invocations
  5256 | D:6      | Reached skill level 3 in Invocations
  5331 | D:6      | Found a runed translucent gate.
  5332 | D:6      | Found a runed translucent gate.
  5333 | D:6      | Found a runed translucent gate.
  5333 | D:6      | Noticed rbyellow5's ghost (novice OpFi)
  5334 | D:6      | Noticed Griffin23's ghost (novice MiBe)
  5336 | D:6      | Noticed Biggs's ghost (novice DjCj)
  5336 | D:6      | Noticed ShinQuickMan's ghost (novice HuCj)
  5340 | D:6      | Reached XP level 9. HP: 68/68 MP: 12/12
  5444 | D:6      | Reached skill level 4 in Invocations
  5986 | D:6      | Reached skill level 5 in Invocations
  6475 | D:6      | Reached skill level 6 in Invocations
  7074 | D:7      | Found a burning altar of Makhleb.
  7078 | D:7      | Found a blossoming altar of Fedhas.
  7131 | D:7      | Reached skill level 7 in Invocations
  7133 | D:7      | Reached ***** piety under Uskayaw
  7466 | D:8      | Reached skill level 8 in Invocations
  7473 | D:8      | Reached XP level 10. HP: 79/79 MP: 14/16
  7505 | D:8      | Noticed Gastronok
  7722 | D:8      | Found the +5 woodcutter's axe
  7734 | D:8      | Reached ****** piety under Uskayaw
  8279 | D:9      | Reached skill level 9 in Invocations
  8422 | D:9      | Reached skill level 5 in Dodging
  8591 | D:9      | Found a staircase to the Lair.
  8638 | D:9      | Noticed a two-headed ogre
  8663 | D:9      | Reached skill level 10 in Invocations
  8664 | D:9      | Killed a two-headed ogre
  8741 | D:9      | Gained mutation: You have an unnaturally thin skeletal
                  | structure. (Dex +6, Stealth+++) [demonic ancestry]
  8741 | D:9      | Reached XP level 11. HP: 89/89 MP: 18/18
  8857 | D:9      | Noticed a tengu warrior
  8858 | D:9      | Noticed a white ugly thing
  8858 | D:9      | Noticed a deep elf pyromancer
  8858 | D:9      | Noticed a catoblepas
  8859 | D:9      | Noticed a deep elf pyromancer
  8859 | D:9      | Noticed a centaur warrior
  8865 | D:9      | Slain by a white ugly thing

Illustrated notes

Levels and vault maps discovered:
D:1:      minmay_arrival_five_plusses, layout_basic, serial_rivers,
          chequers_serial_rivers_room_a, chequers_serial_rivers_micro_e,
          chequers_serial_rivers_small_3, chequers_serial_rivers_micro_c,
          chequers_serial_rivers_room_b
D:2:      layout_rooms, serial_shops, nicolae_shop_tiny_waterfront
D:3:      layout_basic, mainiacjoe_overflow_surrounded_room,
          gammafunk_ghost_nasty_kobolds, ebering_ecumenical_altar_sacrificial,
          uniq_grinder
D:4:      minmay_goblin_kobold_castle, layout_basic, minmay_temple_entry_grid,
          uniq_crazy_yiuf_cottage
D:5:      layout_basic, hellmonk_no_cap, uniq_menkaure, uniq_prince_ribbit1
D:6:      layout_cave_pods, general_overflow_altar, gammafunk_ghost_cemetery,
          uniq_edmund
D:7:      layout_gridville, minitemple
D:8:      statuecave_lemuel, layout_cave_pools, pf_guarded_unrand_woodcutter,
          uniq_gastronok
D:9:      minmay_the_grid_octo_triangle [minmay_the_grid_octo_clover,
          minmay_the_grid_octo_prize_big_c, minmay_the_grid_octo_horde],
          layout_loops_ring, erik_lair_orcish_takeover, minmay_lizard_king
Temple:   sentei_temple_godly_chess

Skill      XL: |  1  2  3  4  5  6  7  8  9 10 |
---------------+-------------------------------+-----
Short Blades   | 1 2 3 4 5 7 |  7.1
Unarmed Combat | 2 |  2.1
Throwing       | 2 |  2.7
Fighting       | 2 3 5 7 9 |  9.4
Stealth        | 3 5 |  5.0
Invocations    | 3 8 10 | 10.0
Dodging        | 3 6 |  6.5
Armour         | |  1.0
Spellcasting   | |  2.0
Summonings     | |  2.0

Action                     |  1- 3 |  4- 6 |  7- 9 | 10-12 || total
---------------------------+-------+-------+-------+-------++-------
  Melee: Dagger            |   103 |       |       |       ||   103
         Short sword       |     7 |    85 |   275 |   163 ||   530
  Throw: Dart              |     8 |    17 |     7 |    13 ||    45
   Cast: Summon Small Mamm |       |       |       |     1 ||     1
  Evoke: Wand              |       |       |       |     1 ||     1
    Use: Scroll            |     3 |       |     7 |     2 ||    12
         Potion            |       |       |       |     2 ||     2
   Stab: Sleeping          |     9 |     3 |    20 |     6 ||    38
         Distracted        |       |     1 |     2 |       ||     3
         Paralysed         |       |     1 |    20 |    11 ||    32
         Invisible         |       |       |       |     7 ||     7
 Armour: Robe              |    58 |       |       |       ||    58
         Ring mail         |       |    48 |    68 |    62 ||   178
  Dodge: Dodged            |    48 |    31 |    95 |    85 ||   259

Table legend: (Time is in decaauts)
 A = Elapsed time spent in this place.
 B = Non-inter-level travel time spent in this place.
 C = Inter-level travel time spent in this place.
 D = Time resting spent in this place.
 E = Time spent auto-exploring this place.
 F = Levels seen in this place.
 G = Mean time per level.
                   A        B        C        D        E       F      G
               +--------+--------+--------+--------+--------+-----+--------+
         Total |   9037 |   8847 |    190 |   2045 |   5351 |  10 |  903.7 |
       Dungeon |   9013 |   8831 |    182 |   2045 |   5351 |   9 | 1001.4 |
        Temple |     23 |     16 |      7 |      0 |      0 |   1 |   23.0 |
               +--------+--------+--------+--------+--------+-----+--------+

Top non-repeatable levels by time:
     D:4: 1717 daAuts
     D:6: 1387 daAuts
     D:3: 1113 daAuts
     D:1: 963 daAuts
     D:5: 957 daAuts
     D:7: 914 daAuts
     D:8: 812 daAuts
     D:9: 604 daAuts
     D:2: 544 daAuts
  Temple: 23 daAuts
